 Dungeon Crawl Stone Soup version 0.19.5 (webtiles) character file.

224 flbbrgst the Cudgeler (level 5, -7/53 HPs)
             Began as a Troll Berserker on Apr 14, 2017.
             Was a Believer of Trog.
             Mangled by an ice beast (14 damage)
             ... on level 4 of the Dungeon.
             The game lasted 00:28:05 (2300 turns).

flbbrgst the Cudgeler (Troll Berserker)             Turns: 2300, Time: 00:28:05

Health: -7/53      AC:  5    Str: 26    XL:     5   Next: 67%
Magic:  4/4        EV: 11    Int:  3    God:    Trog [**....]
Gold:   176        SH:  0    Dex:  9    Spells: 0 memorised, 4 levels left

rFire  . . .     SeeInvis +     g - +0 flail
rCold  . . .     Gourm    +     b - +0 animal skin
rNeg   . . .     Faith    .     (no shield)
rPois  .         Spirit   .     (helmet restricted)
rElec  .         Reflect  .     (no cloak)
rCorr  .         Harm     .     (gloves unavailable)
MR     ++...                    (boots unavailable)
Stlth  ..........               (no amulet)
                                w - ring of loudness (curse)
                                v - ring of see invisible

@: regenerating
A: unfitting armour, claws 3, fast metabolism 3, gourmand, regeneration 1,
shaggy fur 1, tough skin 2
a: Berserk, Trog's Hand, Burn Spellbooks, Renounce Religion


You were on level 4 of the Dungeon.
You worshipped Trog.
Trog was pleased with you.
You were full.

You visited 1 branch of the dungeon, and saw 4 of its levels.

You collected 176 gold pieces.

Inventory:

Hand Weapons
 a - a +0 mace
 d - a +0 whip of venom
 g - a +0 flail (weapon)
 o - a +0 club
Missiles
 e - 33 sling bullets
 j - 133 stones (quivered)
Armour
 b - a +0 animal skin (worn)
Jewellery
 v - a ring of see invisible (left claw)
 w - a cursed ring of loudness (right claw)
Scrolls
 f - 4 scrolls of remove curse {unknown}
 h - 2 scrolls of teleportation {unknown}
 i - 2 scrolls of identify {unknown}
 m - a scroll of immolation {unknown}
 r - 2 scrolls of enchant armour {unknown}
 s - a scroll of amnesia {unknown}
Potions
 k - a potion of cancellation {unknown}
 l - a potion of brilliance {unknown}
 n - a potion of flight {unknown}
 q - a potion of cure mutation {unknown}
 t - a potion of haste {unknown}
 z - a potion of resistance {unknown}
Comestibles
 c - a bread ration
 p - a meat ration
 u - a beef jerky


   Skills:
 + Level 3.1 Fighting
 * Level 4.6 Maces & Flails
 + Level 3.5 Dodging


You had 4 spell levels left.
You didn't know any spells.

Dungeon Overview and Level Annotations

Branches:
Dungeon (4/15)
 Temple: D:4-7

Altars:
Ashenzari
Nemelex Xobeh


Innate Abilities, Weirdness & Mutations

You are too large for most types of armour.
You have claws for hands.
Your metabolism is lightning-fast.
You like to eat raw meat.
Your natural rate of healing is unusually fast.
You are covered in fur. (AC +1)
You have very tough skin. (AC +2)


Message History

The ice beast is heavily wounded.
The ice beast hits you. The ice beast freezes you!
You closely miss the ice beast.
The ice beast is heavily wounded.
The ice beast closely misses you.
Your skin crawls.
You feel resistant to hostile enchantments.
You feel somewhat less full.
You feel the effects of Trog's Hand fading.
The ice beast hits you. The ice beast freezes you!
* * * LOW HITPOINT WARNING * * *
You sock the ice beast!
The ice beast is almost dead.
The ice beast closely misses you.
You completely miss the ice beast.
The ice beast is almost dead.
The ice beast hits you.
* * * LOW HITPOINT WARNING * * *
The ice beast freezes you!
You die...

#.#....# #..###.## #.##
##.# ##.# #.# #..##
##.# #...###..#
#..#.....#
#..##.#<.############.#
#...>.[..#....Y@......#
#.###......############
#.# ####.### #.######.#
#.....[..# ##########


You could see an ice beast.

Vanquished Creatures
  2 orc wizards (D:3)
  Natasha (thrice) (D:2)
  3 adders
  An ooze (D:3)
  2 worms
  A dart slug (D:1)
  A leopard gecko (D:2)
  2 orcs (D:3)
  6 bats
  3 giant cockroaches
  6 goblins
  4 hobgoblins
  4 jackals (D:1)
  6 kobolds
  A ball python (D:2)
  3 frilled lizards (D:1)
  8 rats
56 creatures vanquished.

Notes
Turn   | Place    | Note
-------+----------+-------------------------------------------
     0 | D:1      | flbbrgst the Troll Berserker began the quest for the Orb.
     0 | D:1      | Reached XP level 1. HP: 22/22 MP: 0/0
   133 | D:1      | Reached XP level 2. HP: 29/29 MP: 1/1
   401 | D:1      | Reached skill level 3 in Maces & Flails
   652 | D:2      | Noticed Natasha
   661 | D:2      | Killed Natasha
   661 | D:2      | Reached XP level 3. HP: 22/36 MP: 2/2
   740 | D:2      | Noticed Natasha
   745 | D:2      | Killed Natasha
   745 | D:2      | Reached XP level 4. HP: 30/44 MP: 3/3
   871 | D:2      | Reached ** piety under Trog
   972 | D:2      | Noticed Natasha
   987 | D:2      | Killed Natasha
  1007 | D:2      | Reached skill level 4 in Maces & Flails
  1508 | D:3      | Reached XP level 5. HP: 53/53 MP: 4/4
  1846 | D:3      | Found a sparkling altar of Nemelex Xobeh.
  2091 | D:3      | Found a shattered altar of Ashenzari.
  2256 | D:4      | Noticed an ice beast
  2300 | D:4      | Mangled by an ice beast

Skill      XL: |  1  2  3  4 |
---------------+-------------+-----
Maces & Flails | 3 4 |  4.6
Dodging        | 3 |  3.5
Fighting       | 3 |  3.1

Action                   |  1- 3 |  4- 6 || total
-------------------------+-------+-------++-------
Melee: Mace              |    69 |     6 ||    75
       Flail             |       |   148 ||   148
Invok: Trog's Hand       |       |     1 ||     1
  Eat: Bread ration      |     1 |     1 ||     2
       Chunk             |       |    13 ||    13
       Pizza             |       |     1 ||     1
Armor: Animal skin       |    41 |    68 ||   109
Dodge: Dodged            |    55 |   112 ||   167
